 Dungeon Crawl Stone Soup version 0.24.0-35-gdb84b6a5db (webtiles) character file.

Game seed: 11463255739451364745, levelgen mode: deterministic

32 MiernyMiazsz the Covered (level 3, -9/33 HPs)
             Began as a Minotaur Fighter on Nov 19, 2019.
             Killed by nerve-wracking pain
             ... invoked by Grinder
              (12 damage)
             ... on level 3 of the Dungeon.
             The game lasted 00:02:52 (1449 turns).

MiernyMiazsz the Covered (Minotaur Fighter)         Turns: 1449, Time: 00:02:53

Health: -9/33      AC:  7    Str: 21    XL:     3   Next: 10%
Magic:  2/2        EV:  7    Int:  5    God:
Gold:   67         SH:  9    Dex:  9    Spells: 2/2 levels left

rFire    . . .     SeeInvis .   a - +0 flail
rCold    . . .     Gourm    .   c - +0 shield
rNeg     . . .     Faith    .   b - +0 scale mail
rPois    .         Spirit   .   (helmet restricted)
rElec    .         Reflect  .   (no cloak)
rCorr    .         Harm     +   (no gloves)
MR       .....                  (no boots)
Stlth    ..........             n - amulet of harm
HPRegen  0.11/turn              (no ring)
MPRegen  0.08/turn              (no ring)

@: no status effects
A: retaliatory headbutt, horns 2
a: no special abilities


You were on level 3 of the Dungeon.
You were hungry.

You visited 1 branch of the dungeon, and saw 3 of its levels.

You collected 67 gold pieces.

Inventory:

Hand Weapons
 a - a +0 flail (weapon)
Armour
 b - a +0 scale mail (worn)
 c - a +0 shield (worn)
Jewellery
 n - an amulet of harm (around neck)
Scrolls
 e - 2 scrolls of identify {unknown}
 i - 3 scrolls of remove curse {unknown}
 k - a scroll of enchant armour {unknown}
 l - a scroll of immolation {unknown}
 m - a scroll of fog {unknown}
 o - 3 scrolls of random uselessness {unknown}
 p - a scroll of noise {unknown}
Potions
 d - a potion of might
 g - 4 potions of curing
 h - a potion of berserk rage {unknown}
 j - a potion of heal wounds {unknown}
 q - a potion of degeneration {unknown}
Comestibles
 f - 4 rations


   Skills:
 + Level 4.0 Fighting
 + Level 2.7 Maces & Flails
 + Level 4.2 Armour
 + Level 4.1 Shields


You had 2 spell levels left.
You didn't know any spells.
Your spell library was empty.

Dungeon Overview and Level Annotations

Branches:
Dungeon (3/15)

Altars:

Annotations:
D:3 Grinder


Innate Abilities, Weirdness & Mutations

You reflexively headbutt those who attack you in melee.
You have a pair of horns on your head.


Message History

You block Grinder's attack.
You barely miss Grinder.
Grinder is almost dead.
Grinder blinks!
Grinder gestures at you.
You suddenly lose the ability to move!
Grinder gestures at you. Pain shoots through your body!
* * * LOW HITPOINT WARNING * * *
Grinder hits you.
* * * LOW HITPOINT WARNING * * *
You writhe in agony.
* * * LOW HITPOINT WARNING * * *
Grinder gestures at you.
You shrug off the repeated paralysis!
Grinder blinks!
You can move again.
Grinder gestures at you. Pain shoots through your body!
You die...

########...... ###
#............. ..#
#.#######..... #.#
#.# ##..(. # #.# #.#
##... #[#.# #.# ####
#.#.###.# #.......#
###@################
#.5........<......
###############...
#.## #.# #.# #<# #.#
#.#


You could see Grinder.

Vanquished Creatures
  A worm (D:2)
  2 dart slugs (D:1)
  A leopard gecko (D:2)
  A ball python (D:3)
  3 giant cockroaches
  3 goblins
  A quokka (D:2)
  5 bats
  8 kobolds
  A rat (D:3)
26 creatures vanquished.

Notes
Turn   | Place    | Note
-------+----------+-------------------------------------------
     0 | D:1      | MiernyMiazsz the Minotaur Fighter began the quest for the
                  | Orb.
     0 | D:1      | Reached XP level 1. HP: 19/19 MP: 0/0
   113 | D:1      | Reached XP level 2. HP: 21/27 MP: 1/1
  1213 | D:2      | Reached XP level 3. HP: 33/33 MP: 2/2
  1428 | D:3      | Noticed Grinder
  1432 | D:3      | Paralysed by Grinder for 3 turns
  1443 | D:3      | Paralysed by Grinder for 6 turns
  1449 | D:3      | Killed from afar by Grinder

Levels and vault maps discovered:
D:1:      dpeg_arrival_rooms_a, layout_loops_ring, chequers_serial_rivers_marsh
D:2:      layout_basic
D:3:      layout_loops_ring, nicolae_overflow_crystal_walls,
          gammafunk_ghost_mausoleum, fedhas_altar_2, uniq_grinder

Skill      XL: |  1  2 |
---------------+-------+-----
Armour         | 4 |  4.2
Shields        | 4 |  4.1
Fighting       | 4 |  4.0
Maces & Flails | |  2.7

Action                   || total
-------------------------++-------
Melee: Flail             ||    79
       Headbutt          ||    13
  Use: Potion            ||     1
  Eat: Chunk             ||     1
Armor: Scale mail        ||    41
Dodge: Dodged            ||    23
Block: Shield            ||    43
